 Dungeon Crawl Stone Soup version 0.25.1-8-g42b30a86e7 (webtiles) character file.

Game seed: 16008050539237146590

303 Destapler the Ruffian (level 6, -2/93 HPs)
             Began as a Troll Berserker on Dec 13, 2020.
             Was a Priest of Trog.
             Slain by a wight
             ... wielding a +0 halberd
              (7 damage)
             ... on level 4 of the Dungeon.
             The game lasted 00:04:48 (1637 turns).

Destapler the Ruffian (Troll Berserker)             Turns: 1637, Time: 00:04:48

Health: -2/93      AC:  6    Str: 26    XL:     6   Next: 15%
Magic:  4/6        EV: 10    Int:  3    God:    Trog [***...]
Gold:   111        SH:  0    Dex: 11    Spells: 5/5 levels left

rFire    . . .     SeeInvis .     - Unarmed
rCold    . . .     Gourm    +   (no shield)
rNeg     . . .     Faith    .   a - +0 animal skin
rPois    .         Spirit   .   (helmet restricted)
rElec    .         Reflect  .   (no cloak)
rCorr    .         Harm     .   (gloves unavailable)
MR       .....                  (boots unavailable)
Stlth    ..........             (no amulet)
HPRegen  0.65/turn              l - ring of attention (curse)
MPRegen  0.10/turn              (no ring)

@: berserking, lightly drained, very quick
A: large, unfitting armour, claws 3, fast metabolism 3, gourmand, regeneration
1, shaggy fur 1, tough skin 3
a: Berserk, Trog's Hand, Renounce Religion


You were on level 4 of the Dungeon.
You worshipped Trog.
Trog was most pleased with you.
You were very full.

You visited 1 branch of the dungeon, and saw 4 of its levels.

You collected 111 gold pieces.

Inventory:

Missiles
 g - 8 poisoned darts (quivered)
Armour
 a - a +0 animal skin (worn)
Jewellery
 l - a cursed ring of attention (left claw)
Wands
 q - a wand of polymorph (8)
Scrolls
 d - 2 scrolls of magic mapping {unknown}
 e - 6 scrolls of remove curse {unknown}
 m - a scroll of fear {unknown}
 o - 2 scrolls of noise {unknown}
 r - a scroll of random uselessness {unknown}
Potions
 f - a potion of mutation {unknown}
 h - a potion of degeneration {unknown}
 i - a potion of flight {unknown}
 j - a potion of lignification {unknown}
 k - 2 potions of heal wounds {unknown}
 n - a potion of brilliance {unknown}
 p - a potion of curing {unknown}
Comestibles
 b - 6 rations
 c - 4 chunks of flesh


   Skills:
 + Level 3.9(3.6) Fighting
 - Level 3.0(2.7) Dodging
 + Level 4.8(4.5) Unarmed Combat
 + Level 1.6(1.3) Evocations


You had 5 spell levels left.
You didn't know any spells.
Your spell library contained the following spells:

 Spells                   Type           Power        Failure   Level  Hunger
 Confusing Touch          Hex            #.......     88%         3    ####...
 Gell's Gravitas          Tloc           #.........   88%         3    ####...
 Petrify                  Tmut/Erth      #.......     99%         4    #####..
 Metabolic Englaciation   Hex/Ice        #.........   100%        5    ######.
 Yara's Violent Unravell  Hex/Tmut       #.........   100%        5    ######.


Dungeon Overview and Level Annotations

Branches:
Dungeon (4/15)
 Temple: D:4-7

Altars:
Qazlal
Ru
Wu Jian
The Shining One


Innate Abilities, Weirdness & Mutations

You are too large for most types of armour.
You have claws for hands.
Your metabolism is lightning-fast.
You like to eat raw meat.
Your natural rate of healing is unusually fast.
You are covered in fur. (AC +1)
You have extremely tough skin. (AC +3)


Message History

The wight is almost destroyed.
The wight barely misses you.
The wight hits you with a +2 great sword.
* * * LOW HITPOINT WARNING * * *
The wight barely misses you.
You claw the wight!
You destroy the wight!
Trog accepts your kill.
You barely miss the wight.
The wight is lightly damaged.
The wight misses you. The wight hits you but does no damage.
You mangle the wight!!
You destroy the wight!
Trog accepts your kill.
You have reached level 6!
Your experience leads to an increase in your attributes!
Increase (S)trength, (I)ntelligence, or (D)exterity?
You feel agile.
You feel stronger.
The wight hits you from afar with a +0 halberd!
You die...

≈≈..♣.
....
##....≈
≈...
≈≈♣≈≈.
...
.≈♣..
#..
♣≈≈≈♣≈≈
...z≈
#).#
#)@#
#..#
#..#
#..#
#..#
#...
##..
#..


You could see a wight.

Vanquished Creatures
  A black bear (D:4)
  2 wights (D:4)
  A howler monkey skeleton (D:4)
  6 adders
  An ooze (D:2)
  A worm (D:2)
  A dart slug (D:3)
  A leopard gecko (D:1)
  2 ball pythons
  3 giant cockroaches
  5 hobgoblins
  4 jackals (D:1)
  11 kobolds
  7 bats
  4 frilled lizards
  6 goblins
  11 rats
67 creatures vanquished.

Vanquished Creatures (others)
  4 ghouls (D:1)
  2 draconians (D:1)
  2 octopodes (D:1)
  A troll (D:1)
  A formicid (D:1)
  A spriggan (D:1)
  A naga (D:1)
  A dwarf (D:1)
  An ogre (D:1)
  A centaur (D:1)
  5 tentacles (D:1)
20 creatures vanquished.

Grand Total: 87 creatures vanquished

Notes
Turn   | Place    | Note
-------+----------+-------------------------------------------
     0 | D:1      | Destapler the Troll Berserker began the quest for the Orb.
     0 | D:1      | Reached XP level 1. HP: 22/22 MP: 0/0
     2 | D:1      | Noticed a naga
     2 | D:1      | Noticed an octopode
     2 | D:1      | Noticed a draconian
     2 | D:1      | Noticed a troll
     2 | D:1      | Noticed an ogre
     2 | D:1      | Noticed a centaur
     2 | D:1      | Noticed a ghoul
     2 | D:1      | Noticed a kraken
     2 | D:1      | Noticed a draconian
     2 | D:1      | Noticed a formicid
     2 | D:1      | Noticed a spriggan
     2 | D:1      | Noticed a ghoul
     2 | D:1      | Noticed a ghoul
     2 | D:1      | Noticed a dwarf
     2 | D:1      | Noticed an octopode
     2 | D:1      | Noticed a ghoul
     3 | D:1      | Killed an ogre
     4 | D:1      | Killed a spriggan
     4 | D:1      | Killed a centaur
     4 | D:1      | Killed a naga
     5 | D:1      | Killed an octopode
     6 | D:1      | Killed a troll
     6 | D:1      | Killed a draconian
     8 | D:1      | Killed a ghoul
    10 | D:1      | Killed an octopode
    13 | D:1      | Killed a ghoul
    14 | D:1      | Killed a dwarf
    14 | D:1      | Killed a formicid
    18 | D:1      | Killed a ghoul
    19 | D:1      | Killed a ghoul
    21 | D:1      | Killed a draconian
   154 | D:1      | Reached XP level 2. HP: 29/29 MP: 1/1
   481 | D:1      | Reached XP level 3. HP: 35/36 MP: 2/2
   526 | D:1      | Reached ** piety under Trog
   779 | D:2      | Found a sacrificial altar of Ru.
   927 | D:2      | Found an ornate altar of the Wu Jian Council.
   946 | D:2      | Reached XP level 4. HP: 45/45 MP: 3/3
  1074 | D:2      | Found a glowing golden altar of the Shining One.
  1255 | D:3      | Found a stormy altar of Qazlal.
  1296 | D:3      | Reached skill level 4 in Unarmed Combat
  1511 | D:3      | Found a faded altar of an unknown god.
  1574 | D:4      | Noticed a black bear
  1583 | D:4      | Killed a black bear
  1583 | D:4      | Reached skill level 1 in Evocations
  1583 | D:4      | Reached XP level 5. HP: 54/54 MP: 4/4
  1633 | D:4      | HP: 3/81 [wight/+2 great sword (5)]
  1636 | D:4      | Reached *** piety under Trog
  1636 | D:4      | Reached XP level 6. HP: 5/62 MP: 4/6
  1637 | D:4      | Slain by a wight

Illustrated notes

Levels and vault maps discovered:
D:1:      nicolae_arrival_kraken_aquarium_b, layout_loops_ring,
          corexii_item_surrounded_by_moat
D:2:      layout_rooms, nicolae_ru_sacrificial_ziggurat, old_standard_altar,
          nicolae_tso_carved_into_rock
D:3:      layout_basic, overflow_temple_1_default,
          chequers_ecumenical_altar_simple_redux
D:4:      layout_loops_ring, cheibriados_altar_1, first_ration, corexii_shack,
          eino_small_chamber_without_monster, chequers_serial_rivers_marsh,
          uniq_grinder

Skill      XL: |  1  2  3  4 |
---------------+-------------+-----
Dodging        | 3 |  3.0
Fighting       | 3 |  3.9
Unarmed Combat | 4 |  4.8
Evocations     | 1 |  1.6

Action                   |  1- 3 |  4- 6 || total
-------------------------+-------+-------++-------
Melee: Unarmed           |   115 |    64 ||   179
       Punch             |     1 |     1 ||     2
Throw: Dart              |       |     2 ||     2
Invok: Berserk           |       |     2 ||     2
  Eat: Chunk             |    14 |     8 ||    22
Armor: Animal skin       |    55 |    28 ||    83
Dodge: Dodged            |    72 |    25 ||    97
